Workbook

Sheet 4º MEDIÇÃO
A1: POLÍCIA CIVIL DO ESTADO DO ESPÍRITO SANTO Superintendência de Apoio Logístico e Engenharia Divisão de Engenharia e Manutenção Predial
A3: PLANILHA DE MEDIÇÃO
A4: CLIENTE: POLÍCIA CIVIL DO ESTADO DO ESPIRITO SANTO | E4: TOMADA DE PREÇO: nº01/2023 | K4: ORDEM DE SERVIÇO: 22/06/2023
A5: OBRA: CONTRATAÇÃO DE EMPRESA PARA EXECUÇÃO DA OBRA DE SERVIÇOS DE REFORMA E ADEQUAÇÕES PREDIAIS DO 9º DISTRITO POLICIAL DE COBILÂNDIA - PCES | E5: CONTRATO: nº 085/2023 | K5: PRAZO: 12 MESES
A6: CONTRATADA: VX ENGENHARIA | E6: E-DOCS 2022-N45T1 | K6: TÉRMINO PREVISTO: 22/06/2024 | RESCISÃO CONTRATUAL: 19/03/2024
A7: SERVIÇOS PREVISTOS | I7: ACUMULADO TOTAL | L7: À EXECUTAR
B8: REFERÊNCIA | C8: CÓDIGO | D8: DESCRIÇÃO | E8: UNIDADE | F8: QUANTIDADE | G8: PREÇO UNITÁRIO | H8: PREÇO TOTAL | I8: QUANT | J8: TOTAL | K8: % | L8: QUANT | M8: TOTAL | N8: %
C9: 1 | D9: SERVIÇOS PRELIMINARES | H9: =H10+H12 -> 74930.815 | I9: 0 | J9: 57289.135 | K9: 0.76456041 | L9: 0 | M9: 17641.68 | N9: 0.23543959
C10: 101 | D10: SERVIÇOS AUXILIARES, ADMINISTRATIVOS E TÉCNICOS | H10: =H11 -> 1357.968 | I10: 0 | J10: 1357.968 | K10: 1 | L10: 0 | M10: 0 | N10: 0
C11: 10101 | D11: Projeto hidrossanitário e drenagem do ar condicionado | E11: m2 | F11: 178.68 | G11: 7.6 | H11: =F11*G11 -> 1357.968 | I11: 178.68 | J11: 1357.968 | K11: 1 | L11: 0 | M11: 0
C12: 102 | D12: DEMOLIÇÕES E RETIRADAS | H12: =SUM(H13:H43) -> 73572.847 | I12: 0 | J12: 55931.167 | K12: 0.76021479 | L12: 0 | M12: 17641.68 | N12: 0.23978521
C13: 10201 | D13: Demolição de piso cimentado inclusive lastro de concreto | E13: m2 | F13: 12.15 | G13: 23 | H13: =F13*G13 -> 279.45 | I13: 12.15 | J13: 279.45 | K13: 1 | L13: 0 | M13: 0
C14: 10202 | D14: Demolição de piso revestido com cerâmica inclusive lastro de concreto | E14: m2 | F14: 166.82 | G14: 24.5 | H14: =F14*G14 -> 4087.09 | I14: 146.2218 | J14: 3582.4341 | K14: 0.8765244 | L14: 20.5982 | M14: 504.6559 | N14: 0.1234756
C15: 10203 | D15: Demolição de revestimento com azulejos | E15: m2 | F15: 176.05 | G15: 40 | H15: =F15*G15 -> 7042 | I15: 145.1815 | J15: 5807.26 | K15: 0.82466061 | L15: 30.8685 | M15: 1234.74 | N15: 0.17533939
C16: 10204 | D16: Retirada de revestimento antigo em reboco | E16: m2 | F16: 794.34 | G16: 8.8 | H16: =F16*G16 -> 6990.192 | I16: 476.03 | J16: 4189.064 | K16: 0.59927739 | L16: 318.31 | M16: 2801.128 | N16: 0.40072261
C17: 10205 | D17: Demolição de alvenaria | E17: m3 | F17: 7.38 | G17: 53 | H17: =F17*G17 -> 391.14 | I17: 7.3795 | J17: 391.1135 | K17: 0.99993225 | L17: 0.0005 | M17: 0.0265 | N17: 6.7750678e-05
C18: 10206 | D18: Demolição manual de concreto simples (EMOP 05.001.001) | E18: m3 | F18: 1.55 | G18: 250 | H18: =F18*G18 -> 387.5 | I18: 1.54202 | J18: 385.505 | K18: 0.99485161 | L18: 0.00798 | M18: 1.995 | N18: 0.0051483871
C19: 10207 | D19: Retirada manual de blocos pré-moldados de concreto (Blokret), inclusive empilhamento para reaproveitamento | E19: m2 | F19: 528.2 | G19: 12 | H19: =F19*G19 -> 6338.4 | I19: 400 | J19: 4800 | K19: 0.75728891 | L19: 128.2 | M19: 1538.4 | N19: 0.24271109
C20: 10208 | D20: Retirada de portas e janelas de madeira, inclusive batentes | E20: m2 | F20: 24.36 | G20: 14 | H20: =F20*G20 -> 341.04 | I20: 21.21 | J20: 296.94 | K20: 0.87068966 | L20: 3.15 | M20: 44.1 | N20: 0.12931034
C21: 10209 | D21: Retirada de esquadrias metálicas | E21: m2 | F21: 23 | G21: 9 | H21: =F21*G21 -> 207 | I21: 17 | J21: 153 | K21: 0.73913043 | L21: 6 | M21: 54 | N21: 0.26086957
C22: 10210 | D22: Retirada de meio-fio de concreto | E22: m | F22: 25.5 | G22: 9 | H22: =F22*G22 -> 229.5 | I22: 25.5 | J22: 229.5 | K22: 1 | L22: 0 | M22: 0
C23: 10211 | D23: Demolição de concreto armado, com utilização de rompedor pneumático | E23: m3 | F23: 18.04 | G23: 800 | H23: =F23*G23 -> 14432 | I23: 16.35 | J23: 13080 | K23: 0.90631929 | L23: 1.69 | M23: 1352 | N23: 0.09368071
C24: 10212 | D24: Demolição de elementos vazados cerâmicos ou de concreto | E24: m2 | F24: 3 | G24: 19 | H24: =F24*G24 -> 57 | I24: 3 | J24: 57 | K24: 1 | L24: 0 | M24: 0
C25: 10213 | D25: Retirada de aparelhos sanitários | E25: und | F25: 22 | G25: 18 | H25: =F25*G25 -> 396 | I25: 20 | J25: 360 | K25: 0.90909091 | L25: 2 | M25: 36 | N25: 0.090909091
C26: 10214 | D26: Retirada de grades, gradis, alambrados, cercas e portões | E26: m2 | F26: 92.42 | G26: 15 | H26: =F26*G26 -> 1386.3 | I26: 59.57 | J26: 893.55 | K26: 0.64455746 | L26: 32.85 | M26: 492.75 | N26: 0.35544254
C27: 10215 | D27: Retirada de bancada de pia | E27: m2 | F27: 0.63 | G27: 22 | H27: =F27*G27 -> 13.86 | I27: 0.63 | J27: 13.86 | K27: 1 | L27: 0 | M27: 0
C28: 10216 | D28: Retirada de caixa d'água, inclusive tubulação de ligação | E28: und | F28: 1 | G28: 40 | H28: =F28*G28 -> 40 | I28: 1 | J28: 40 | K28: 1 | L28: 0 | M28: 0
C29: 10217 | D29: Demolição manual de concreto armado (EMOP 05.001.033) | E29: m3 | F29: 3.4 | G29: 290 | H29: =F29*G29 -> 986 | I29: 3.4 | J29: 986 | K29: 1 | L29: 0 | M29: 0
C30: 10218 | D30: Remoção de telha ondulada de fibrocimento, inclusive cumeeira | E30: m2 | F30: 350 | G30: 6 | H30: =F30*G30 -> 2100 | I30: 341.5 | J30: 2049 | K30: 0.97571429 | L30: 8.5 | M30: 51 | N30: 0.024285714
C31: 10219 | D31: Retirada de rodapé de madeira ou cerâmica | E31: m | F31: 166.46 | G31: 2 | H31: =F31*G31 -> 332.92 | I31: 153.08 | J31: 306.16 | K31: 0.91962033 | L31: 13.38 | M31: 26.76 | N31: 0.080379671
C32: 10220 | D32: Retirada de caixa de ar refrigerado, em concreto | E32: und | F32: 6 | G32: 22 | H32: =F32*G32 -> 132 | I32: 6 | J32: 132 | K32: 1 | L32: 0 | M32: 0
C33: 10221 | D33: Retirada de armário de madeira, sem reaproveitamento | E33: m2 | F33: 7 | G33: 26 | H33: =F33*G33 -> 182 | I33: 7 | J33: 182 | K33: 1 | L33: 0 | M33: 0
C34: 10222 | D34: Demolição de muro em alvenaria, inclusive estrutura em concreto armado (pilares cintas e vigas) | E34: m3 | F34: 24.15 | G34: 600 | H34: =F34*G34 -> 14490 | I34: 13.53 | J34: 8118 | K34: 0.56024845 | L34: 10.62 | M34: 6372 | N34: 0.43975155
C35: 10223 | D35: Retirada de torneiras e registros | E35: und | F35: 16 | G35: 9 | H35: =F35*G35 -> 144 | I35: 16 | J35: 144 | K35: 1 | L35: 0 | M35: 0
C36: 10224 | D36: Demolição de estrutura de madeira para telhado | E36: m2 | F36: 350 | G36: 25 | H36: =F36*G36 -> 8750 | I36: 225 | J36: 5625 | K36: 0.64285714 | L36: 125 | M36: 3125 | N36: 0.35714286
C37: 10225 | D37: Demolição de piso, soleira, peitoris e escadas em mármore ou granito, exclusive regularização | E37: m2 | F37: 5.89 | G37: 9.5 | H37: =F37*G37 -> 55.955 | I37: 5.14 | J37: 48.83 | K37: 0.87266553 | L37: 0.75 | M37: 7.125 | N37: 0.12733447
C38: 10226 | D38: Demolições e retiradas de eletrocalhas, pontos elétricos em geral, instalações elétricas, para-raios, telecomunicações e retirada de entulho (01 caçamba estacionária). | E38: cj | F38: 1 | G38: 2000 | H38: =F38*G38 -> 2000 | I38: 1 | J38: 2000 | K38: 1 | L38: 0 | M38: 0
C39: 10227 | D39: Remoção de instalações hidrossanitárias e pluviais em geral incluindo prumadas, caixas de passagem, caixas de esgoto e retirada de entulho (01 caçamba estacionária). | E39: cj | F39: 1 | G39: 1300 | H39: =F39*G39 -> 1300 | I39: 1 | J39: 1300 | K39: 1 | L39: 0 | M39: 0
C40: 10228 | D40: Remoção de ar condicionado tipo Split (condensadoras, evaporadoras, | E40: und | F40: 7 | G40: 37 | H40: =F40*G40 -> 259 | I40: 7 | J40: 259 | K40: 1 | L40: 0 | M40: 0
C41: 10229 | D41: Remoção de ventilador de teto | E41: und | F41: 2 | G41: 5 | H41: =F41*G41 -> 10 | I41: 2 | J41: 10 | K41: 1 | L41: 0 | M41: 0
C42: 10230 | D42: Retirada de persianas | E42: m2 | F42: 9.44 | G42: 5 | H42: =F42*G42 -> 47.2 | I42: 9.44 | J42: 47.2 | K42: 1 | L42: 0 | M42: 0
C43: 10231 | D43: Corte em alvenaria de bloco cerâmico, com makita e disco diamantado | E43: m | F43: 2.9 | G43: 57 | H43: =F43*G43 -> 165.3 | I43: 2.9 | J43: 165.3 | K43: 1 | L43: 0 | M43: 0
C44: 2 | D44: INSTALAÇÃO DO CANTEIRO DE OBRAS | H44: =H45+H57+H59 -> 106523.25 | I44: 0 | J44: 41649.57 | K44: 0.39099042 | L44: 0 | M44: 64873.68 | N44: 0.60900958
C45: 201 | D45: TAPUMES, BARRACÕES E COBERTURAS | H45: =SUM(H46:H56) -> 89537.25 | I45: 0 | J45: 30096.57 | K45: 0.33613463 | L45: 0 | M45: 59440.68 | N45: 0.66386537
C46: 20101 | D46: Placa de obra nas dimensões de 2.0 x 4.0 m, padrão DER | E46: m2 | F46: 8 | G46: 265.19 | H46: =F46*G46 -> 2121.52 | I46: 8 | J46: 2121.52 | K46: 1 | L46: 0 | M46: 0
C47: 20102 | D47: Reservatório de poliestileno de 500 L, inclusive adaptadores com flanges de pvc e torneira de bóia de 3/4", elevado de 4m, de peças de madeira de 6x16 cm, travadas com peças de 5x7 cm | E47: und | F47: 1 | G47: 2719.57 | H47: =F47*G47 -> 2719.57 | I47: 1 | J47: 2719.57 | K47: 1 | L47: 0 | M47: 0
C48: 20103 | D48: Fechamento de andaime com tela de nylon | E48: m2 | F48: 150 | G48: 30 | H48: =F48*G48 -> 4500 | I48: 0 | J48: 0 | L48: 150 | M48: 4500 | N48: 1
C49: 20104 | D49: Mobilização e desmobilização de conteiner locado para barracão de obra | E49: und | F49: 5 | G49: 1500 | H49: =F49*G49 -> 7500 | I49: 0.5 | J49: 750 | K49: 0.1 | L49: 4.5 | M49: 6750 | N49: 0.9
C50: 20105 | D50: Locação de andaime metálico para fachada - tipo torre (aluguel mensal) | E50: m | F50: 316 | G50: 15.43 | H50: =F50*G50 -> 4875.88 | I50: 316 | J50: 4875.88 | K50: 1 | L50: 0 | M50: 0
C51: 20106 | D51: Tapume Telha Metálica Ondulada em aço galvalume 0,50mm Branca h=2,20m, incl. montagem estr. mad. 8"x8", c/adesivo "DER-ES" 60x60cm a cada 10m, incl. faixas pint. esmalte sint. cores azul c/ h=30cm e rosa c/ h=10cm (Reaproveitame | E51: m | F51: 79.76 | G51: 210 | H51: =F51*G51 -> 16749.6 | I51: 79.76 | J51: 16749.6 | K51: 1 | L51: 0 | M51: 0
C52: 20107 | D52: Aluguel mensal container para escritório, dim. 6.00x2.40m, c/ banheiro (vaso+lavat+chuveiro e básc), incl. porta, 2 janelas, abert p/ ar cond., 2 pt iluminação, 2 tom. elét. e 1 tom.telef. Isolam.térmico(teto e paredes), piso em | E52: ms | F52: 12 | G52: 720 | H52: =F52*G52 -> 8640 | I52: 4 | J52: 2880 | K52: 0.33333333 | L52: 8 | M52: 5760 | N52: 0.66666667
C53: 20108 | D53: Aluguel mensal container para refeitorio, incl. porta, 2 janelas, abert p/ ar cond., 2 pt iluminação, 2 tomadas elét. e 1 tomada telef. Isolamento térmico (paredes e teto), piso em comp. Naval pintado, cert. NR18, incl. laudo des | E53: ms | F53: 12 | G53: 976.7 | H53: =F53*G53 -> 11720.4 | I53: 0 | J53: 0 | L53: 12 | M53: 11720.4 | N53: 1
C54: 20109 | D54: Aluguel mensal container para vestiário, incl. porta, venezianas de circulação, 1 pt iluminação, Isolamento térmico (teto), piso em comp. Naval pintado, cert. NR18, incl. laudo descontaminação. | E54: ms | F54: 12 | G54: 814.15 | H54: =F54*G54 -> 9769.8 | I54: 0 | J54: 0 | L54: 12 | M54: 9769.8 | N54: 1
C55: 20110 | D55: Aluguel mensal container sanitário, incl porta, básc, 2 ptos luz, 1 pto aterram., 3vasos, 3lavatórios, calha mictório, 6 chuveiros (1 eletrico), torn.,registros, piso comp. Naval pintado, cert NR18 e laudo descontaminação | E55: ms | F55: 12 | G55: 1017.51 | H55: =F55*G55 -> 12210.12 | I55: 0 | J55: 0 | L55: 12 | M55: 12210.12 | N55: 1
C56: 20111 | D56: Aluguel mensal container para almoxarifado, incl. porta, 2 janelas, 1 pt iluminação, Isolamento térmico (teto), piso em comp. Naval pintado, cert. NR18, incl. laudo descontaminação. | E56: ms | F56: 12 | G56: 727.53 | H56: =F56*G56 -> 8730.36 | I56: 0 | J56: 0 | L56: 12 | M56: 8730.36 | N56: 1
C57: 202 | D57: INSTALAÇÃO DO CANTEIRO DE OBRAS (UTILIZAÇÃO 1 VEZ), PROJETO PADRÃO LABOR - NR.18 (OBRAS COM PRAZO DE EXECUÇÃO SUPERIOR A 12 MESES) | H57: =H58 -> 10572.5 | I57: 0 | J57: 10572.5 | K57: 1 | L57: 0 | M57: 0 | N57: 0
C58: 20201 | D58: Rede de esgoto, contendo fossa e filtro, inclusive tubos e conexões de ligação entre caixas, considerando distância de 25m, conforme projeto (1 utilização) | E58: m | F58: 25 | G58: 422.9 | H58: =F58*G58 -> 10572.5 | I58: 25 | J58: 10572.5 | K58: 1 | L58: 0 | M58: 0
C59: 203 | D59: INSTALAÇÃO DO CANTEIRO DE OBRAS (UTILIZAÇÃO 2 VEZES), PROJETO PADRÃO LABOR - NR.18 (OBRAS COM PRAZO DE EXECUÇÃO DE 6 A 12 MESES) | H59: =H60+H61 -> 6413.5 | I59: 0 | J59: 980.5 | K59: 0.15288064 | L59: 271.65 | M59: 5433 | N59: 0.84711936
C60: 20301 | D60: Rede de água, com padrão de entrada d'água diâm. 3/4", conf. espec. CESAN, incl. tubos e conexões para alimentação, distribuição, extravasor e limpeza, cons. o padrão a 25m, conf. projeto (2 utilizações) | E60: m | F60: 25 | G60: 39.22 | H60: =F60*G60 -> 980.5 | I60: 25 | J60: 980.5 | K60: 1 | L60: 0 | M60: 0
C61: 20302 | D61: Rede de luz, incl. padrão entrada de energia trifás., cabo de ligação até barracões, quadro de distrib., disj. e chave de força (quando necessário), cons. 20m entre padrão e QDG, conf. projeto (2 utilizações) | E61: m | F61: 20 | G61: 271.65 | H61: =F61*G61 -> 5433 | I61: 0 | J61: 0 | L61: 20 | M61: 5433 | N61: 1
C62: 3 | D62: MOVIMENTO DE TERRA | H62: =H63+H65+H67 -> 14764.582 | I62: 0 | J62: 13062.832 | K62: 0.88474106 | L62: 0 | M62: 1701.75 | N62: 0.11525894
C63: 301 | D63: ESCAVAÇÕES | H63: =H64 -> 171.5168 | I63: 0 | J63: 171.5168 | K63: 1 | L63: 0 | M63: 0 | N63: 0
C64: 30101 | D64: Escavação manual em material de 1a. categoria, até 1.50 m de profundidade | E64: m3 | F64: 3.04 | G64: 56.42 | H64: =F64*G64 -> 171.5168 | I64: 3.04 | J64: 171.5168 | K64: 1 | L64: 0 | M64: 0
C65: 302 | D65: REATERRO E COMPACTAÇÃO | H65: =H66 -> 343.065 | I65: 0 | J65: 343.065 | K65: 1 | L65: 0 | M65: 0 | N65: 0
C66: 30201 | D66: Aterro manual para regularização do terreno em areia, inclusive adensamento hidráulico e fornecimento do material (máximo de 100m3) | E66: m3 | F66: 1.5 | G66: 228.71 | H66: =F66*G66 -> 343.065 | I66: 1.5 | J66: 343.065 | K66: 1 | L66: 0 | M66: 0
C67: 303 | D67: TRANSPORTES | H67: =H68 -> 14250 | I67: 0 | J67: 12548.25 | K67: 0.88057895 | L67: 0 | M67: 1701.75 | N67: 0.11942105
C68: 30301 | D68: Índice de preço para remoção de entulho decorrente da execução de obras (Classe A CONAMA - NBR 10.004 - Classe II-B), incluindo aluguel da caçamba, carga, transporte e descarga em área licenciada | E68: m3 | F68: 190 | G68: 75 | H68: =F68*G68 -> 14250 | I68: 167.31 | J68: 12548.25 | K68: 0.88057895 | L68: 22.69 | M68: 1701.75 | N68: 0.11942105
C69: 4 | D69: ESTRUTURAS | H69: =H70+H72+H80 -> 65627.815 | I69: 0 | J69: 31229.921 | K69: 0.4758641 | L69: 0 | M69: 34397.894 | N69: 0.5241359
C70: 401 | D70: INFRA-ESTRUTURA (FUNDAÇÃO) | H70: =H71 -> 51.6586 | I70: 0 | J70: 51.6586 | K70: 1 | L70: 0 | M70: 0 | N70: 0
C71: 40101 | D71: Fornecimento, preparo e aplicação de concreto magro com consumo mínimo de cimento de 250 kg/m3 (brita 1 e 2) - (5% de perdas já incluído no custo) | E71: m3 | F71: 0.07 | G71: 737.98 | H71: =F71*G71 -> 51.6586 | I71: 0.07 | J71: 51.6586 | K71: 1 | L71: 0 | M71: 0
C72: 402 | D72: SUPER-ESTRUTURA | H72: =SUM(H73:H79) -> 48272.875 | I72: 0 | J72: 20833.646 | K72: 0.4315808 | L72: 0 | M72: 27439.229 | N72: 0.5684192
C73: 40201 | D73: Fornecimento, preparo e aplicação de concreto Fck=25 MPa (brita 1 e 2) - (5% de perdas já incluído no custo) | E73: m3 | F73: 13.91 | G73: 850 | H73: =F73*G73 -> 11823.5 | I73: 12.43 | J73: 10565.5 | K73: 0.89360173 | L73: 1.48 | M73: 1258 | N73: 0.10639827
C74: 40202 | D74: Fornecimento, dobragem e colocação em fôrma, de armadura CA-50 A média, diâmetro de 6.3 a 10.0 mm | E74: kg | F74: 489.4 | G74: 14.9 | H74: =F74*G74 -> 7292.06 | I74: 317.99 | J74: 4738.051 | K74: 0.6497548 | L74: 171.41 | M74: 2554.009 | N74: 0.3502452
C75: 40203 | D75: Fornecimento, dobragem e colocação em fôrma, de armadura CA-60 B fina, diâmetro de 4.0 a 7.0mm | E75: kg | F75: 122.73 | G75: 15 | H75: =F75*G75 -> 1840.95 | I75: 113.23 | J75: 1698.45 | K75: 0.92259431 | L75: 9.5 | M75: 142.5 | N75: 0.077405687
C76: 40204 | D76: Fornecimento, dobragem e colocação em fôrma, de armadura CA-50 A grossa, diâmetro de 12.5 a 25.0mm | E76: kg | F76: 203.4 | G76: 15 | H76: =F76*G76 -> 3051 | I76: 0 | J76: 0 | L76: 203.4 | M76: 3051 | N76: 1
C77: 40205 | D77: Forma de chapas madeira compensada resinada, esp. 12mm, levando-se em conta a utilização 3 vezes, reforçadas com sarrafos de madeira de 2.5 x 10.0cm (incl material, corte, montagem, escoras em eucalipto e desforma) | E77: m2 | F77: 146.67 | G77: 130 | H77: =F77*G77 -> 19067.1 | I77: 20.71 | J77: 2692.3 | K77: 0.14120134 | L77: 125.96 | M77: 16374.8 | N77: 0.85879866
C78: 40206 | D78: Aplicação de adesivo estrutural base resina epoxi, fluido, Sikadur 32(consumo=1,67 kg/m² p/ 1mm de esp), Sika ou similar, | E78: kg | F78: 2.02 | G78: 179.26 | H78: =F78*G78 -> 362.1052 | I78: 2.02 | J78: 362.1052 | K78: 1 | L78: 0 | M78: 0
C79: 040207 | D79: Furo em concreto com broca de vídea, utilizando martelete elétrico, diâmetro de 6,3 a 12,5mm, profundidade até 15 cm. | E79: und | F79: 224 | G79: 21.59 | H79: =F79*G79 -> 4836.16 | I79: 36 | J79: 777.24 | K79: 0.16071429 | L79: 188 | M79: 4058.92 | N79: 0.83928571
C80: 403 | D80: RECUPERAÇÃO DE ESTRUTURAS | H80: =SUM(H81:H86) -> 17303.282 | I80: 0 | J80: 10344.616 | K80: 0.59784129 | L80: 0 | M80: 6958.6654 | N80: 0.40215871
C81: 40301 | D81: Remoção cuidadosa do concreto afetado, através de escarificação | E81: m3 | F81: 2.36 | G81: 2928.44 | H81: =F81*G81 -> 6911.1184 | I81: 2.36 | J81: 6911.1184 | K81: 1 | L81: 0 | M81: 0
C82: 40302 | D82: Limpeza de aço com lixamento e escovamento com escova de aço, até a completa remoção de partículas soltas, materiais indesejáveis e corrosão | E82: m2 | F82: 9.56 | G82: 26.05 | H82: =F82*G82 -> 249.038 | I82: 9.558 | J82: 248.9859 | K82: 0.99979079 | L82: 0.002 | M82: 0.0521 | N82: 0.00020920502
C83: 40303 | D83: Aplicação de Sika Top 108 Armatec ou equivalente, nas ferragens a serem recuperadas | E83: m2 | F83: 9.56 | G83: 86.39 | H83: =F83*G83 -> 825.8884 | I83: 9.558 | J83: 825.71562 | K83: 0.99979079 | L83: 0.002 | M83: 0.17278 | N83: 0.00020920502
C84: 40304 | D84: Retirada de ferragem corroída | E84: kg | F84: 2.39 | G84: 5.17 | H84: =F84*G84 -> 12.3563 | I84: 2.388 | J84: 12.34596 | K84: 0.99916318 | L84: 0.002 | M84: 0.01034 | N84: 0.00083682008
C85: 40305 | D85: Recomposição de concreto danificado, com utilização de argamassa Sika Grout ou equivalente | E85: m3 | F85: 0.77 | G85: 8380.18 | H85: =F85*G85 -> 6452.7386 | I85: 0.28 | J85: 2346.4504 | K85: 0.36363636 | L85: 0.49 | M85: 4106.2882 | N85: 0.63636364
C86: 40306 | D86: Revestimento externo com argamassa corretiva tipo Sika Monotop 622 BR ou equivalente, esp. 5mm | E86: m2 | F86: 31.8 | G86: 89.69 | H86: =F86*G86 -> 2852.142 | I86: 0 | J86: 0 | L86: 31.8 | M86: 2852.142 | N86: 1
C87: 5 | D87: PAREDES E PAINÉIS | H87: =H88+H90+H93+H96 -> 15664.678 | I87: 0 | J87: 15157.742 | K87: 0.96763825 | L87: 0 | M87: 506.93633 | N87: 0.032361746
C88: 501 | D88: VERGAS/CONTRAVERGA | H88: =H89 -> 950.864 | I88: 0 | J88: 118.992 | K88: 0.12514092 | L88: 0 | M88: 831.872 | N88: 0.87485908
C89: 50101 | D89: Verga/contraverga reta de concreto armado 10 x 5 cm, Fck = 15 MPa, inclusive forma, armação e desforma | E89: m | F89: 88.7 | G89: 10.72 | H89: =F89*G89 -> 950.864 | I89: 11.1 | J89: 118.992 | K89: 0.12514092 | L89: 77.6 | M89: 831.872 | N89: 0.87485908
C90: 502 | D90: ALVENARIA ESTRUTURAL | H90: =H91+H92 -> 3539.022 | I90: 0 | J90: 5458.9731 | K90: 1.5425089 | L90: 0 | M90: -1919.9511 | N90: -0.54250895
C91: 50201 | D91: Alvenaria de blocos de concreto estrut. (14x19x39cm) cheios, c/ resist.mín. compr. 15MPa, assentados c/ arg. de cimento e areia no traço 1:4, esp. juntas 10mm e esp. da parede s/ revest. 14cm | E91: m2 | F91: 20.95 | G91: 139.43 | H91: =F91*G91 -> 2921.0585 | I91: 34.72 | J91: 4841.0096 | K91: 1.6572792 | L91: -13.77 | M91: -1919.9511 | N91: -0.65727924
C92: 50202 | D92: Alvenaria de blocos canaleta de concreto estrutural 14x19x39cm cheios, c/ resist. mín. compr. 15MPa, assentados c/ arg. de cimento e areia no traço 1:4, esp. juntas 10mm e esp. da parede s/ revest. 14cm | E92: m2 | F92: 3.85 | G92: 160.51 | H92: =F92*G92 -> 617.9635 | I92: 3.85 | J92: 617.9635 | K92: 1 | L92: 0 | M92: 0
C93: 503 | D93: ALVENARIA DE VEDAÇÃO EMPREGANDO ARGAMASSA DE CIMENTO, CAL E AREIA | H93: =H94+H95 -> 9932.8191 | I93: 0 | J93: 9579.7767 | K93: 0.96445698 | L93: 0 | M93: 353.04243 | N93: 0.035543024
C94: 50301 | D94: Alvenaria de blocos de concreto 14x19x39cm, c/ resist. mínimo a compres. 2.5 MPa, assent. c/ arg. de cimento, cal hidratada CH1 e areia no traço 1:0.5:8 esp. das juntas 10mm e esp. das paredes, s/ rev. 14cm | E94: m2 | F94: 74.93 | G94: 89.31 | H94: =F94*G94 -> 6691.9983 | I94: 70.977 | J94: 6338.9559 | K94: 0.94724409 | L94: 3.953 | M94: 353.04243 | N94: 0.052755906
C95: 50302 | D95: Alvenaria de blocos de concreto 19x19x39cm, c/ resist. mínimo a compres. 2.5 MPa, assent. c/ arg. de cimento, cal hidratada CH1 e areia no traço 1:0.5:8 esp. das juntas 10mm e esp. das paredes, s/ rev. 19cm | E95: m2 | F95: 30.24 | G95: 107.17 | H95: =F95*G95 -> 3240.8208 | I95: 30.24 | J95: 3240.8208 | K95: 1 | L95: 0 | M95: 0
C96: 504 | D96: DIVERSOS | H96: =H97 -> 1241.973 | I96: 0 | J96: 0 | K96: 0 | L96: 0 | M96: 1241.973 | N96: 1
C97: 50401 | D97: Aplicação de tela tipo Belgo Revest ou equivalente, para armadura deargamassa, em encontros de alvenaria com vigas (horizontais) e alvenaria com pilares (verticais), com largura de 25cm e 50cm | E97: m2 | F97: 25.65 | G97: 48.42 | H97: =F97*G97 -> 1241.973 | I97: 0 | J97: 0 | L97: 25.65 | M97: 1241.973 | N97: 1
C98: 6 | D98: ESQUADRIAS DE MADEIRA | H98: =H99+H102+H105 -> 24525.72 | I98: 0 | J98: 12007.76 | K98: 0.48959867 | L98: 0 | M98: 12517.96 | N98: 0.51040133
C99: 601 | D99: MARCOS E ALIZARES | H99: =H100+H101 -> 6425.72 | I99: 0 | J99: 5507.76 | K99: 0.85714286 | L99: 0 | M99: 917.96 | N99: 0.14285714
C100: 60101 | D100: Marco de madeira de lei de 1ª (Peroba, Ipê, Angelim Pedra ou equivalente) com 15x3 cm de batente, nas dimensões de 0.80 x 2.10 m | E100: und | F100: 13 | G100: 458.98 | H100: =F100*G100 -> 5966.74 | I100: 12 | J100: 5507.76 | K100: 0.92307692 | L100: 1 | M100: 458.98 | N100: 0.076923077
C101: 60102 | D101: Marco de madeira de lei de 1ª (Peroba, Ipê, Angelim Pedra ou equivalente) com 15x3 cm de batente, nas dimensões de 0.60 x 2.10 m | E101: und | F101: 1 | G101: 458.98 | H101: =F101*G101 -> 458.98 | I101: 0 | J101: 0 | L101: 1 | M101: 458.98 | N101: 1
...

Sheet Planilha2
B2: MEMÓRIA DE CÁLCULO MED03 DA DELEGACIA DE POLÍCIA CIVIL DE COBILÂNDIA - VILA VELHA ES
B3: ITEM | C3: DECRIÇÃO | G3: UNID | H3: QTD CONTRATADA | I3: SALDO | J3: QTD MEDIDA ANTERIORME. | K3: QTD MEDIDA NESTA MEDIÇÃO | L3: VALOR UNIT. CONTRATADO | M3: VALOR MEDIDO | N3: ADITIVO
B4: 1 | C4: SERVIÇOS PRELIMINARES | M4: =M5 -> #REF!
B5: 102 | C5: =[1]MEDIÇÃO!D12 -> DEMOLIÇÕES E RETIRADAS | M5: =SUM(M6,M16,#REF!,M32) -> #REF!
B6: ='4º MEDIÇÃO'!C21 -> 10209 | C6: ='4º MEDIÇÃO'!D21 -> Retirada de esquadrias metálicas | G6: m² | H6: 23 | I6: 23 | J6: 0 | K6: =M13 -> 17 | L6: 9 | M6: =K6*L6 -> 153
C7: LOCAL | G7: QTD | H7: COMP. (m) | I7: LARG. (m) | J7: ESP. (m) | L7: VOLUME (m³) | M7: ÁREA (m²)
C8: Janela antiga sala investigador | G8: 1 | H8: 4 | I8: 1 | M8: =G8*H8*I8 -> 4
C9: Janela recepção | G9: 1 | H9: 4 | I9: 1 | M9: =G9*H9*I9 -> 4
C10: Janela antigo cartório 01 | G10: 1 | H10: 3 | I10: 1 | M10: =G10*H10*I10 -> 3
C11: Janela antigo cartório 02 | G11: 1 | H11: 3 | I11: 1 | M11: =G11*H11*I11 -> 3
C12: Janela sala de material apreendido | G12: 1 | H12: 3 | I12: 1 | M12: =G12*H12*I12 -> 3
L13: TOTAL | M13: =SUM(M8:M12) -> 17
B16: ='4º MEDIÇÃO'!C26 -> 10214 | C16: ='4º MEDIÇÃO'!D26 -> Retirada de grades, gradis, alambrados, cercas e portões | G16: m² | H16: 92.42 | I16: =H16-J16 -> 71.7 | J16: 20.72 | K16: =M29 -> 38.85 | L16: 15 | M16: =K16*L16 -> 582.75
C17: LOCAL | G17: QTD | H17: COMP. (m) | I17: LARG. (m) | J17: ESP. (m) | L17: VOLUME (m³) | M17: ÁREA (m²)
C18: Janela antiga sala investigador | G18: 1 | H18: 4.2 | I18: 1.2 | M18: =G18*H18*I18 -> 5.04
C19: Janela recepção | G19: 1 | H19: 4.2 | I19: 1.2 | M19: =G19*H19*I19 -> 5.04
C20: Janela antigo cartório 01 | G20: 1 | H20: 3.2 | I20: 1.2 | M20: =G20*H20*I20 -> 3.84
C21: Janela antigo cartório 02 | G21: 1 | H21: 3.2 | I21: 1.2 | M21: =G21*H21*I21 -> 3.84
C22: Janela sala de material apreendido | G22: 1 | H22: 3.2 | I22: 1.2 | M22: =G22*H22*I22 -> 3.84
C23: Portão cela | G23: 1 | H23: 2.5 | I23: 0.9 | M23: =G23*H23*I23 -> 2.25
C24: Grade janela depósito | G24: 1 | H24: 3 | I24: 1.2 | M24: =G24*H24*I24 -> 3.6
C25: Grade lateral PM | G25: 2 | H25: 1.2 | I25: 1.2 | M25: =G25*H25*I25 -> 2.88
C26: Grade condensadora sitema antigo | G26: 5 | H26: 1 | I26: 1 | M26: =G26*H26*I26 -> 5
C27: Grade Porta cartório 03 | G27: 1 | H27: 2.2 | I27: 0.8 | M27: =G27*H27*I27 -> 1.76
C28: Grade Porta antiga sala investigador | G28: 1 | H28: 2.2 | I28: 0.8 | M28: =G28*H28*I28 -> 1.76
L29: TOTAL | M29: =SUM(M18:M28) -> 38.85
B32: ='4º MEDIÇÃO'!C42 -> 10230 | C32: ='4º MEDIÇÃO'!D42 -> Retirada de persianas | G32: m² | H32: 9.44 | I32: =H32-J32 -> 3.04 | J32: 6.4 | K32: =M35 -> 3.08 | L32: 5 | M32: =K32*L32 -> 15.4
C33: LOCAL | G33: QTD | H33: COMP. (m) | I33: LARG. (m) | J33: ESP. (m) | L33: VOLUME (m³) | M33: ÁREA (m²)
C34: Janela depósito | G34: 1 | H34: 2.8 | I34: 1.1 | M34: =G34*H34*I34 -> 3.08
L35: TOTAL | M35: =SUM(M34) -> 3.08
B37: ='4º MEDIÇÃO'!C44 -> 2 | C37: INSTALAÇÃO DO CANTEIRO DE OBRAS | M37: =M38 -> 1105.75
B38: ='4º MEDIÇÃO'!C45 -> 201 | C38: TAPUMES, BARRACÕES E COBERTURAS | M38: =SUM(M39,M44) -> 1105.75
B39: ='4º MEDIÇÃO'!C50 -> 20105 | C39: ='4º MEDIÇÃO'!D50 -> Locação de andaime metálico para fachada - tipo torre (aluguel mensal) | G39: m | H39: 316 | I39: =H39-J39 -> 25 | J39: 291 | K39: 25 | L39: 15.43 | M39: =K39*L39 -> 385.75
C40: LOCAL | G40: QTD | H40: COMP. (m) | I40: LARG. (m) | J40: ESP. (m) | L40: VOLUME (m³) | M40: TOTAL (m)
C41: Necessário para fazer a redução dos vão das janelas | G41: 25 | H41: 1 | M41: =G41*H41 -> 25
L42: TOTAL | M42: =SUM(M41) -> 25
B44: ='4º MEDIÇÃO'!C52 -> 20107 | C44: ='4º MEDIÇÃO'!D52 -> Aluguel mensal container para escritório, dim. 6.00x2.40m, c/ banheiro (vaso+lavat+chuveiro e básc), incl. porta, 2 janelas, abert p/ ar cond., 2 pt iluminação, 2 tom. elét. e 1 tom.telef. Isolam.térmico(teto e paredes), piso em | G44: ms | H44: 12 | I44: =H44-J44 -> 9 | J44: 3 | K44: =M47 -> 1 | L44: 720 | M44: =K44*L44 -> 720
C45: LOCAL | G45: QTD | H45: COMP. (m) | I45: LARG. (m) | J45: ESP. (m) | L45: VOLUME (m³) | M45: TOTAL (m)
C46: canteiro de obra | G46: 1 | M46: =G46 -> 1
L47: TOTAL | M47: =SUM(M46) -> 1
B50: 4 | C50: ESTRUTURAS | M50: =M51 -> #REF!
B51: 402 | C51: SUPER-ESTRUTURA | M51: =SUM(M52,M59,#REF!,M67) -> #REF!
B52: ='4º MEDIÇÃO'!C74 -> 40202 | C52: ='4º MEDIÇÃO'!D74 -> Fornecimento, dobragem e colocação em fôrma, de armadura CA-50 A média, diâmetro de 6.3 a 10.0 mm | G52: kg | H52: 489.4 | I52: =H52-J52 -> 189.4 | J52: 300 | K52: =M57 -> 28.756 | L52: 14.9 | M52: =K52*L52 -> 428.4644
C53: LOCAL | G53: UNID | H53: COMP. (m) | I53: ø | J53: PESO/m | K53: QTD | M53: PESO TOTAL
C54: Armação viga de fechamento do vão das janelas | G54: 3 | H54: 3.2 | I54: 8.0 | J54: 0.395 | K54: 4 | M54: =G54*H54*J54*K54 -> 15.168
G55: 1 | H55: 5.4 | I55: 8.0 | J55: 0.395 | K55: 4 | M55: =G55*H55*J55*K55 -> 8.532
C56: Pilar de sustentação da viga de fechameno da janela da recepção | G56: 1 | H56: 3.2 | I56: 8.0 | J56: 0.395 | K56: 4 | M56: =G56*H56*J56*K56 -> 5.056
L57: TOTAL | M57: =SUM(M54:M56) -> 28.756
B59: ='4º MEDIÇÃO'!C75 -> 40203 | C59: ='4º MEDIÇÃO'!D75 -> Fornecimento, dobragem e colocação em fôrma, de armadura CA-60 B fina, diâmetro de 4.0 a 7.0mm | G59: kg | H59: 122.73 | I59: =H59-J59 -> 62.26 | J59: 60.47 | K59: =M64 -> 9.49608 | L59: 15 | M59: =K59*L59 -> 142.4412
C60: LOCAL | G60: UNID | H60: COMP. (m) | I60: ø | J60: PESO/m | K60: QTD | M60: PESO TOTAL
C61: Estribos viga de fechamento do vão das janelas | G61: 3 | H61: 0.66 | I61: 4.2 | J61: 0.109 | K61: 20 | M61: =G61*H61*J61*K61 -> 4.3164
G62: 1 | H62: 0.66 | I62: 4.2 | J62: 0.109 | K62: 52 | M62: =G62*H62*J62*K62 -> 3.74088
C63: Estribos Pilar de sustentação da viga de fechameno da janela da recepção | G63: 1 | H63: 0.66 | I63: 4.2 | J63: 0.109 | K63: 20 | M63: =G63*H63*J63*K63 -> 1.4388
L64: TOTAL | M64: =SUM(M61:M63) -> 9.49608
B67: ='4º MEDIÇÃO'!C79 -> 040207 | C67: ='4º MEDIÇÃO'!D79 -> Furo em concreto com broca de vídea, utilizando martelete elétrico, diâmetro de 6,3 a 12,5mm, profundidade até 15 cm. | G67: unid | H67: 224 | I67: =H67-J67 -> 224 | J67: 0 | K67: =M75 -> 36 | L67: 21.59 | M67: =K67*L67 -> 777.24
C68: LOCAL | G68: QTD | H68: COMP. (m) | I68: LARG. (m) | J68: ESP. (m) | L68: VOLUME (m³) | M68: TOTAL
C69: Viga de fechamento do vão das janelas
C70: Janela sala material apreendido | G70: 8 | M70: =G70 -> 8
C71: Janela Cartório 01 | G71: 8 | M71: =G71 -> 8
C72: Janela cozinha nova | G72: 8 | M72: =G72 -> 8
C73: Janela Recepção | G73: 8 | M73: =G73 -> 8
C74: Pilar Recepção | G74: 4 | M74: =G74 -> 4
L75: TOTAL | M75: =SUM(M70:M74) -> 36
B77: 5 | C77: PAREDES E PAINÉIS | M77: =M78+M95+#REF! -> #REF!
B78: ='4º MEDIÇÃO'!C88 -> 501 | C78: VERGAS/CONTRAVERGA | M78: =SUM(M79) -> 101.84
B79: ='4º MEDIÇÃO'!C89 -> 50101 | C79: ='4º MEDIÇÃO'!D89 -> Verga/contraverga reta de concreto armado 10 x 5 cm, Fck = 15 MPa, inclusive forma, armação e desforma | G79: m | H79: 88.7 | I79: =H79-J79 -> 87.1 | J79: 1.6 | K79: =M93 -> 9.5 | L79: 10.72 | M79: =K79*L79 -> 101.84
C80: LOCAL | G80: QTD | H80: COMP. (m) | I80: LARG. (m) | J80: ESP. (m) | L80: VOLUME (m³) | M80: TOTAL
C81: Porta acesso a recepção | G81: 1 | H81: 0.8 | M81: =G81*H81 -> 0.8
C82: Porta corredor principal | G82: 1 | H82: 0.8 | M82: =G82*H82 -> 0.8
C83: Porta Banheiro cartório 03 | G83: 1 | H83: 0.7 | M83: =G83*H83 -> 0.7
C84: Porta WC Func. Masc. | G84: 1 | H84: 0.8 | M84: =G84*H84 -> 0.8
C85: Porta WC Func. Fem | G85: 1 | H85: 0.8 | M85: =G85*H85 -> 0.8
C86: Porta cozinha | G86: 1 | H86: 0.8 | M86: =G86*H86 -> 0.8
C87: Porta cartório 01 | G87: 1 | H87: 0.8 | M87: =G87*H87 -> 0.8
C88: Porta depósito | G88: 1 | H88: 0.8 | M88: =G88*H88 -> 0.8
C89: Porta sala material apreendido | G89: 1 | H89: 0.8 | M89: =G89*H89 -> 0.8
C90: Entrada principal | G90: 1 | H90: 0.9 | M90: =G90*H90 -> 0.9
C91: WC Cartório 03 | G91: 1 | H91: 0.8 | M91: =G91*H91 -> 0.8
C92: Depósito cartório 03 | G92: 1 | H92: 0.7 | M92: =G92*H92 -> 0.7
L93: TOTAL | M93: =SUM(M81:M92) -> 9.5
B95: ='4º MEDIÇÃO'!C93 -> 503 | C95: ALVENARIA DE VEDAÇÃO EMPREGANDO ARGAMASSA DE CIMENTO, CAL E AREIA | M95: =M96 -> 199.1613
B96: ='4º MEDIÇÃO'!C94 -> 50301 | C96: ='4º MEDIÇÃO'!D94 -> Alvenaria de blocos de concreto 14x19x39cm, c/ resist. mínimo a compres. 2.5 MPa, assent. c/ arg. de cimento, cal hidratada CH1 e areia no traço 1:0.5:8 esp. das juntas 10mm e esp. das paredes, s/ rev. 14cm | G96: m | H96: 88.7 | I96: =H96-J96 -> 87.1 | J96: 1.6 | K96: 2.23 | L96: 89.31 | M96: =K96*L96 -> 199.1613
C97: LOCAL | G97: QTD | H97: COMP. (m) | I97: LARG. (m) | J97: ESP. (m) | L97: VOLUME (m³) | M97: ÁREA (m²)
C98: Envelopamento da prumada de água pluvial | G98: 1 | H98: 0.88 | I98: 3.1 | M98: 2.17
L99: TOTAL | M99: 2.17
B102: 6 | C102: ESQUADRIAS DE MADEIRA | M102: =M103+M119 -> 12007.76
B103: 601 | C103: MARCOS E ALIZARES | M103: =M104 -> 5507.76
B104: ='4º MEDIÇÃO'!C100 -> 60101 | C104: ='4º MEDIÇÃO'!D100 -> Marco de madeira de lei de 1ª (Peroba, Ipê, Angelim Pedra ou equivalente) com 15x3 cm de batente, nas dimensões de 0.80 x 2.10 m | G104: unid | H104: 13 | I104: =H104-J104 -> 13 | J104: 0 | K104: =M117 -> 12 | L104: 458.98 | M104: =K104*L104 -> 5507.76
C105: LOCAL | G105: QTD | H105: COMP. (m) | I105: LARG. (m) | J105: ESP. (m) | L105: VOLUME (m³) | M105: TOTAL
C106: Recepção | G106: 2 | M106: =G106 -> 2
C107: WC Func. Masc. | G107: 1 | M107: =G107 -> 1
C108: WC Func. Fem. | G108: 1 | M108: =G108 -> 1
C109: WC Cartório 03 | G109: 1 | M109: =G109 -> 1
C110: Cartório 03 | G110: 1 | M110: =G110 -> 1
C111: WC PNE Fem. | G111: 1 | M111: =G111 -> 1
C112: WC PNE Masc. | G112: 1 | M112: =G112 -> 1
C113: Depósito | G113: 1 | M113: =G113 -> 1
C114: Depósito cartório 03 | G114: 1 | M114: =G114 -> 1
C115: Sala material apreendido | G115: 1 | M115: =G115 -> 1
C116: Cartório 01 | G116: 1 | M116: =G116 -> 1
...
